 Dungeon Crawl Stone Soup version 0.29-a0-322-g68df515428 (webtiles) character file.

Game seed: 1923834650391611290

2972 kae the Basher (level 9, -10/81 HPs)
             Began as a Minotaur Fighter on Apr 9, 2022.
             Was a Believer of Uskayaw.
             Mangled by a two-headed ogre
             ... wielding a +0 great mace
              (11 damage)
             ... on level 8 of the Dungeon.
             The game lasted 00:05:28 (8035 turns).

kae the Basher (Minotaur Fighter)                   Turns: 8035, Time: 00:05:29

Health: -10/81     AC: 15    Str: 25    XL:     9   Next: 53%
Magic:  10/10      EV: 11    Int:  5    God:    Uskayaw [**....]
Gold:   270        SH:  5    Dex: 10    Spells: 8/8 levels left

rFire   . . .      SeeInvis .   a - +0 flail (freeze)
rCold   . . .      Faith    .   c - +0 buckler
rNeg    . . .      Spirit   .   s - +0 plate armour
rPois   .          Reflect  .   (helmet restricted)
rElec   .          Harm     .   g - scarf {+Inv}
rCorr   .          Rampage  .   v - +1 pair of gloves
Will    .....                   (no boots)
Stlth   ..........              f - amulet of the acrobat
HPRegen 0.23/turn               r - +4 ring of evasion
MPRegen 0.12/turn               (no ring)

@: no status effects
A: horns 2, retaliatory headbutt
a: Renounce Religion, Evoke Invisibility, Stomp, Line Pass


You were on level 8 of the Dungeon.
You worshipped Uskayaw.
Uskayaw was noncommittal.
You visited 2 branches of the dungeon, and saw 9 of its levels.

You collected 375 gold pieces.
You spent 105 gold pieces at shops.

Inventory:

Hand Weapons
 a - a +0 flail of freezing (weapon)
Missiles
 m - 2 throwing nets (quivered)
Armour
 b - a +0 scale mail
 c - a +0 buckler (worn)
 g - a scarf of invisibility (worn)
 s - a +0 plate armour (worn)
 v - a +1 pair of gloves (worn)
Jewellery
 f - an amulet of the acrobat (around neck)
 r - a +4 ring of evasion (left hand)
 y - a ring of positive energy
 E - a +4 ring of evasion
Wands
 z - a wand of paralysis (7)
 A - a wand of charming (4)
Scrolls
 i - 5 scrolls of identify
 k - 3 scrolls of fog
 n - 5 scrolls of teleportation
 o - 2 scrolls of enchant armour
 q - 2 scrolls of brand weapon
 B - a scroll of amnesia
 C - a scroll of fear
Potions
 d - 3 potions of might
 e - a potion of haste
 h - 2 potions of curing
 j - 2 potions of cancellation
 l - 2 potions of heal wounds
 p - 2 potions of berserk rage
 t - a potion of invisibility
 u - a potion of magic
 w - 3 potions of brilliance
 x - a potion of mutation
 D - a potion of attraction {unknown}


   Skills:
 + Level 7.8 Fighting
 * Level 10.1 Maces & Flails
 + Level 7.8 Armour
 + Level 7.8 Shields
 + Level 2.7 Invocations


You had 8 spell levels left.
You didn't know any spells.
Your spell library contained the following spells:

 Spells                   Type           Power      Damage    Failure   Level
 Freeze                   Ice            0%         1d3       100%        1
 Sting                    Tmut/Pois      0%         1d3       100%        1
 Poisonous Vapours        Pois/Air       0%         N/A       100%        2
 Dazzling Flash           Conj/Hex       0%         N/A       100%        3
 Frozen Ramparts          Ice            0%         1d2       100%        3
 Gell's Gravitas          Tloc           0%         N/A       100%        3
 Lesser Beckoning         Tloc           0%         N/A       100%        3
 Teleport Other           Tloc           0%         N/A       100%        3
 Hailstorm                Conj/Ice       0%         3d3       100%        4
 Iskenderun's Mystic Bla  Conj/Tloc      0%         2d3       100%        4
 Olgreb's Toxic Radiance  Pois           0%         N/A       100%        4
 Starburst                Conj/Fire      0%         6d3       100%        6


Dungeon Overview and Level Annotations

Branches:
Dungeon (8/15)             Temple (1/1) D:6
   Lair: D:8-11

Altars:
Ashenzari
Cheibriados
Dithmenos
Elyvilon
Fedhas
Gozag
Hepliaklqana
Kikubaaqudgha
Makhleb
Nemelex Xobeh
Okawaru
Qazlal
Ru
Sif Muna
Trog
Uskayaw
Vehumet
Wu Jian
Xom
Yredelemnul
Zin
The Shining One

Shops:
D:2 [   D:3 [(   D:5 *

Annotations:
D:3 3 runed translucent doors, Bnni's ghost, amateur OpFi
D:5 2 transporters


Innate Abilities, Weirdness & Mutations

You have a pair of horns on your head.
You reflexively headbutt those who attack you in melee.


Message History

The two-headed ogre hits you with a +0 giant spiked club!
You barely miss the two-headed ogre.
The two-headed ogre is lightly wounded.
The two-headed ogre hits you with a +0 great mace!!
You block the two-headed ogre's attack.
You are too injured to fight recklessly!
You are too injured to fight recklessly!
You are too injured to fight recklessly!
You are too injured to fight recklessly!
A two-headed ogre is nearby!
You are too injured to fight recklessly!
You are too injured to fight recklessly!
You barely miss the two-headed ogre.
You headbutt the two-headed ogre, but do no damage.
The two-headed ogre is lightly wounded.
You barely miss the two-headed ogre.
The two-headed ogre is lightly wounded.
The two-headed ogre hits you with a +0 great mace.
The two-headed ogre hits you with a +0 giant spiked club.
You thump the two-headed ogre! You freeze the two-headed ogre.
The two-headed ogre is moderately wounded.
You completely miss the two-headed ogre.
You headbutt the two-headed ogre.
The two-headed ogre is moderately wounded.
The two-headed ogre hits you with a +0 great mace.
The two-headed ogre hits you with a +0 giant spiked club!
* * * LOW HITPOINT WARNING * * *
You can now pass through a line of other dancers.
You hit the two-headed ogre but do no damage.
The two-headed ogre is moderately wounded.
You block the two-headed ogre's attack. The two-headed ogre closely misses you.
You sock the two-headed ogre! You freeze the two-headed ogre.
You headbutt the two-headed ogre.
The two-headed ogre is heavily wounded.
You hit the two-headed ogre. You freeze the two-headed ogre.
The two-headed ogre is heavily wounded.
The two-headed ogre hits you with a +0 great mace!
* * * LOW HITPOINT WARNING * * *
The two-headed ogre hits you with a +0 giant spiked club!
You die...

.. #...... ..# #......
#. ####.# #...... #..
.....#####...... #...
....#.....#####. #...#
....#.....#...#. #...#
....#.....#...'.
#...##O...###.###...#.
#....@....#.....#...#.
#.........#.#.###...#.
#.........#.._..#...#.
#.........###.#.#...+.
##..#######.....#...#.
#..##..#.###.###...#.
#......'.......#...#.
#......#.......#...#.
#......#.......#...#.


You could see a two-headed ogre.

Vanquished Creatures
  Prince Ribbit (D:7)
  2 steam dragons
  Edmund (D:4)
  A water moccasin (D:8)
  A black bear (D:6)
  An ice beast (D:5)
  2 ogres
  2 centaurs
  A kobold brigand (D:7)
  Blork the orc (D:4)
  3 bullfrogs
  A necrophage (D:6)
  4 scorpions
  3 howler monkeys (D:7)
  An electric eel (D:6)
  3 jellies
  4 orc priests
  4 hounds
  Terence (D:2)
  6 iguanas
  Natasha (thrice) (D:3)
  4 orc wizards
  3 gnolls (D:7)
  8 adders
  A shadow imp (D:6)
  3 white imps
  3 worms (D:2)
  3 dart slugs
  9 orcs
  8 ball pythons
  12 endoplasms
  5 giant cockroaches
  8 hobgoblins
  8 kobolds
  4 quokkas
  6 bats
  3 frilled lizards
  4 goblins
  6 rats
144 creatures vanquished.

Vanquished Creatures (others)
  A sky beast (D:5)
  2 orcs (D:6)
  A fungus (D:3)
  15 plants
19 creatures vanquished.

Grand Total: 163 creatures vanquished

Notes
Turn   | Place    | Note
-------+----------+-------------------------------------------
     0 | D:1      | kae the Minotaur Fighter began the quest for the Orb.
     0 | D:1      | Reached XP level 1. HP: 19/19 MP: 0/0
   237 | D:1      | Reached XP level 2. HP: 24/27 MP: 1/1
   252 | D:1      | Reached skill level 3 in Maces & Flails
   594 | D:1      | Reached XP level 3. HP: 31/33 MP: 2/2
   750 | D:1      | Found a faded altar of an unknown god.
   934 | D:2      | Found Dinluicw's Armour Emporium.
  1169 | D:2      | Noticed Terence
  1181 | D:2      | Killed Terence
  1182 | D:2      | Reached XP level 4. HP: 21/40 MP: 3/3
  1193 | D:2      | Reached skill level 4 in Maces & Flails
  1788 | D:3      | Reached XP level 5. HP: 42/47 MP: 4/4
  1856 | D:3      | Found a runed translucent gate.
  1857 | D:3      | Found a runed translucent gate.
  1858 | D:3      | Found a runed translucent gate.
  1858 | D:3      | Noticed Bnni's ghost (amateur OpFi)
  1984 | D:3      | Found Valud's Antique Armour Boutique.
  2124 | D:3      | Found Visen's Weapon Emporium.
  2167 | D:3      | Noticed Natasha
  2174 | D:3      | Killed Natasha
  2421 | D:3      | Noticed Natasha
  2430 | D:3      | Killed Natasha
  2560 | D:3      | Noticed Natasha
  2568 | D:3      | Killed Natasha
  2569 | D:3      | Reached skill level 5 in Maces & Flails
  2589 | D:3      | Found Visen's Weapon Emporium.
  2724 | D:3      | Found Valud's Antique Armour Boutique.
  3132 | D:4      | Noticed Blork the orc
  3140 | D:4      | Killed Blork the orc
  3141 | D:4      | Reached XP level 6. HP: 46/55 MP: 5/5
  3285 | D:4      | Reached skill level 5 in Fighting
  3285 | D:4      | Reached skill level 5 in Armour
  3285 | D:4      | Reached skill level 5 in Shields
  3319 | D:4      | Noticed Edmund
  3331 | D:4      | Killed Edmund
  3346 | D:4      | Reached skill level 6 in Maces & Flails
  3698 | D:4      | Reached XP level 7. HP: 61/61 MP: 6/6
  4361 | D:5      | Entered Level 5 of the Dungeon
  4525 | D:5      | Reached skill level 7 in Maces & Flails
  4545 | D:5      | Reached XP level 8. HP: 47/70 MP: 7/7
  4655 | D:5      | Found Mepryut's Assorted Antiques.
  4662 | D:5      | Bought a metallic sapphire potion for 24 gold pieces
  4662 | D:5      | Bought a scroll labelled BIUDILI FEATUR for 27 gold pieces
  4662 | D:5      | Bought a scroll of identify for 54 gold pieces
  4716 | D:5      | Identified the +3 ring mail of Haetruh {-Cast Str+3 Dex+2}
  4774 | D:5      | Found a transporter.
  4970 | D:5      | Found a transporter.
  5471 | D:6      | Reached skill level 8 in Maces & Flails
  5627 | D:6      | Found a staircase to the Ecumenical Temple.
  5854 | Temple   | Entered the Ecumenical Temple
  6429 | Temple   | Became a worshipper of Uskayaw the Reveller
  6678 | D:6      | Reached * piety under Uskayaw
  6687 | D:6      | Reached ** piety under Uskayaw
  6722 | D:6      | Reached *** piety under Uskayaw
  6726 | D:6      | Reached **** piety under Uskayaw
  6940 | D:6      | Reached skill level 9 in Maces & Flails
  7204 | D:7      | Noticed Prince Ribbit
  7220 | D:7      | Reached skill level 1 in Invocations
  7222 | D:7      | Reached XP level 9. HP: 77/79 MP: 8/8
  7224 | D:7      | Reached ***** piety under Uskayaw
  7231 | D:7      | Killed Prince Ribbit
  7232 | D:7      | Reached ****** piety under Uskayaw
  7772 | D:8      | Found an opulent altar of Gozag.
  7807 | D:8      | Reached skill level 10 in Maces & Flails
  8022 | D:8      | Noticed a two-headed ogre
  8035 | D:8      | HP: 1/81 [two-headed ogre/+0 great mace (17)]
  8035 | D:8      | Mangled by a two-headed ogre

Illustrated notes

Levels and vault maps discovered:
D:1:      tarquinn_simple_flora_water_c, layout_basic,
          hellmonk_ecumenical_altar_run_dry, minmay_pentomino_x4
D:2:      layout_rooms, serial_shops, nicolae_shop_competitors_out_of_business,
          solitary_fountain, hangedman_decor_push, hangedman_feature_mirror,
          uniq_terence
D:3:      layout_loops_cross, gammafunk_ghost_nasty_kobolds, serial_shops, shop,
          shop, uniq_natasha
D:4:      layout_loops_ring, minmay_misc_feat_five, nrook_loot_triangle,
          uniq_blork_the_orc, uniq_edmund
D:5:      layout_rooms, serial_shops, nicolae_shop_overgrown_old_shop,
          gammafunk_ghost_gnarly_gnolls, st_stairs_9,
          chequers_hall_statues_wall_a, hangedman_decor_opposing,
          minmay_misc_feat_alley
D:6:      layout_rooms, minmay_temple_entry_poolview, serial_bayou,
          serial_bayou_crossing, serial_bayou_lake_a, serial_bayou_pond_d,
          serial_bayou_pond_d, serial_bayou_pond_e, serial_bayou_pond_d
D:7:      layout_rooms, corexii_item_surrounded_by_moat, uniq_prince_ribbit1
D:8:      layout_gridville, nicolae_gozag_cash_rules_everything_around_me
Temple:   mainiacjoe_temple_starburst

Skill      XL: |  1  2  3  4  5  6  7  8  9 |
---------------+----------------------------+-----
Maces & Flails | 3 4 5 6 7 9 10 | 10.1
Armour         | 4 5 6 7 |  7.8
Shields        | 4 5 6 7 |  7.8
Fighting       | 4 5 6 7 |  7.8
Invocations    | 1 2 |  2.7

Action                   |  1- 3 |  4- 6 |  7- 9 || total
-------------------------+-------+-------+-------++-------
Melee: Flail             |   111 |   113 |   219 ||   443
       Headbutt          |    10 |    14 |    34 ||    58
Invok: Stomp             |       |       |     3 ||     3
  Use: Scroll            |       |    14 |     5 ||    19
 Stab: Paralysed         |       |       |     2 ||     2
Armor: Scale mail        |    54 |    26 |     1 ||    81
       Plate armour      |       |       |    90 ||    90
Dodge: Dodged            |    42 |    67 |   104 ||   213
Block: Buckler           |    21 |    25 |    46 ||    92

Table legend: (Time is in decaauts)
 A = Elapsed time spent in this place.
 B = Non-inter-level travel time spent in this place.
 C = Inter-level travel time spent in this place.
 D = Time resting spent in this place.
 E = Time spent auto-exploring this place.
 F = Levels seen in this place.
 G = Mean time per level.
                   A        B        C        D        E       F      G
               +--------+--------+--------+--------+--------+-----+--------+
         Total |   8166 |   7766 |    400 |    992 |   5772 |   9 |  907.3 |
       Dungeon |   7436 |   7141 |    295 |    892 |   5256 |   8 |  929.5 |
        Temple |    729 |    624 |    105 |    100 |    516 |   1 |  729.0 |
               +--------+--------+--------+--------+--------+-----+--------+

Top non-repeatable levels by time:
     D:3: 1364 daAuts
     D:4: 1238 daAuts
     D:6: 1148 daAuts
     D:5: 1028 daAuts
     D:1: 921 daAuts
     D:2: 901 daAuts
  Temple: 729 daAuts
     D:7: 541 daAuts
     D:8: 292 daAuts
